 Dungeon Crawl Stone Soup version 0.21-a0-582-g1b93aee (webtiles) character file.

319428 Amnesiac the Imperceptible (level 20, -4/90 HPs)
             Began as a Felid Earth Elementalist on Dec 19, 2017.
             Was the Champion of Ashenzari.
             Slain by an electric golem (5 damage)
             ... on level 5 of the Realm of Zot.
             The game lasted 04:23:27 (85421 turns).

Amnesiac the Imperceptible (FeEE)                  Turns: 85421, Time: 04:23:27

Health: -4/90      AC:  9    Str:  4    XL:     20   Next: 21%
Magic:  0/45       EV: 38    Int: 24    God:    Ashenzari [******]
Gold:   3318       SH:  0    Dex: 25    Spells: 7/52 levels left
                                        Lives:  0   Deaths: 6

rFire    + + .     SeeInvis +     - Unarmed
rCold    + + .     Gourm    .   (shield unavailable)
rNeg     . . .     Faith    .   (armour unavailable)
rPois    +         Spirit   +   (helmet unavailable)
rElec    +         Reflect  .   (cloak unavailable)
rCorr    .         Harm     .   (gloves unavailable)
MR       +++++     Clarity  +   (boots unavailable)
Stlth    +++++++++.             k - amulet "Mitrant" {Spirit rF++} (curse)
HPRegen  0.25/turn              U - ring "Uxza" {Wiz rC+} (curse)
MPRegen  0.29/turn              y - ring of Xom's Regard {rElec MR+ AC+4} (curse)

@: agile, about to teleport, disjoining, very slightly contaminated, hasted and
slowed, quick
A: very small, no armour, no weapons or thrown items, stealth, claws 1, fangs 3,
horns 1, slimy green scales 1, see invisible, agile 1, carnivore, speed 1, high
mp 1, magic resistance 1, poison resistance, screaming 1, shaggy fur 3, slow
metabolism 1, MP-powered wands, sharp paws
}: 3/15 runes: barnacled, abyssal, gossamer
a: Curse Item, Scrying, Transfer Knowledge, Renounce Religion


You were on level 5 of the Realm of Zot.
You worshipped Ashenzari.
Ashenzari was exalted by your worship.
You were completely stuffed.

You visited 10 branches of the dungeon, and saw 48 of its levels.
You visited the Abyss 1 time.
You visited 3 bazaars.
You also visited: Trove, Ice Cave and Wizlab.

You collected 5908 gold pieces.
You spent 2590 gold pieces at shops.

Inventory:

Hand Weapons
 x - a +1 great sword of flaming
Missiles
 b - 607 stones
Jewellery
 k - the cursed amulet "Mitrant" (around neck) {Spirit rF++}
   (You acquired it on level 4 of the Lair of Beasts)

   [amulet of guardian spirit]

   It causes incoming damage to be split between your health and magic.
   It greatly protects you from fire.
   It has a curse placed upon it.
 y - the cursed ring of Xom's Regard (right paw) {rElec MR+ AC+4}
   (You found it on level 2 of the Spider Nest)

   [ring of protection]

   It affects your AC (+4).
   It insulates you from electricity.
   It affects your resistance to hostile enchantments.
   It has a curse placed upon it.
 A - a +5 ring of protection
 U - the cursed ring "Uxza" (left paw) {Wiz rC+}
   (You bought it in a shop in a bazaar)

   [ring of wizardry]

   It improves your spell success rate.
   It protects you from cold.
   It has a curse placed upon it.
Wands
 r - a wand of digging (43)
 O - a wand of clouds (5)
 P - a wand of acid (12)
Scrolls
 f - 19 scrolls of identify {!r}
 g - 2 scrolls of torment {!r}
 l - 6 scrolls of magic mapping {!r}
 m - 9 scrolls of remove curse {!r}
 n - 3 scrolls of vulnerability {!r}
 p - 9 scrolls of fog {!r}
 q - 5 scrolls of teleportation {!r}
 w - a scroll of noise {!r}
 B - a scroll of silence {!r}
 E - 2 scrolls of amnesia {!r}
 F - 3 scrolls of holy word {!r}
Potions
 d - 2 potions of invisibility {!q}
 e - 2 potions of mutation {!q}
 h - 10 potions of might {!q}
 i - 5 potions of resistance {!q}
 j - 6 potions of haste {!q}
 s - 7 potions of curing {!q}
 t - 2 potions of berserk rage {!q}
 u - a potion of cancellation {!q}
 C - 14 potions of flight {!q}
 D - 3 potions of brilliance {!q}
Miscellaneous
 I - 4 sacks of spiders
 L - 2 phantom mirrors
Comestibles
 c - 55 rations


   Skills:
 - Level 11.0 Fighting
 - Level 13.0 Dodging
 + Level 22.6 Stealth
 - Level 16.0 Unarmed Combat
 + Level 16.7 Spellcasting
   Level 2.0(5.3) Conjurations
 - Level 18.5(22.1) Translocations
 - Level 3.0(6.8) Transmutations
   Level 2.0(5.3) Fire Magic
 * Level 20.8(24.2) Earth Magic


You had 7 spell levels left.
You knew the following spells:

 Your Spells              Type           Power        Failure   Level  Hunger
a - Sandblast             Erth           ######       0%          1    None
b - Passwall              Tmut/Erth      #######...   0%          2    None
d - Lee's Rapid Deconstr  Erth           #######...   0%          5    None
e - Petrify               Tmut/Erth      #######.     1%          4    None
f - Apportation           Tloc           ######       0%          1    None
g - Blink                 Tloc           N/A          0%          2    None
h - Summon Butterflies    Summ           ###.....     1%          1    None
q - Disjunction           Tloc           #######...   1%          8    #######
r - Regeneration          Chrm/Necr      ###.......   2%          3    None
v - Controlled Blink      Tloc           N/A          1%          8    #######
w - Shatter               Erth           #######...   5%          9    #######
z - Confusing Touch       Hex            ###...       1%          1    None


Dungeon Overview and Level Annotations

Branches:
Dungeon (15/15)            Temple (1/1) D:4            Lair (6/6) D:8
 Shoals (4/4) Lair:4       Spider (4/4) Lair:4        Slime (0/5) Lair:6
    Orc (2/2) D:9             Elf (3/3) Orc:2        Vaults (3/5) D:14
 Depths (5/5) D:15            Zot (5/5) Depths:5
  Crypt: Vaults:2-3

Altars:
Ashenzari
Cheibriados
Dithmenos
Elyvilon
Fedhas
Gozag
Hepliaklqana
Kikubaaqudgha
Makhleb
Nemelex Xobeh
Okawaru
Qazlal
Ru
Sif Muna
Trog
Uskayaw
Vehumet
Wu Jian
Xom
Yredelemnul
Zin
The Shining One

Shops:
Orc:1 (?!   Orc:2 (*:%[   Shoals:4 %   Vaults:3 !

Portals:
Hell: Depths:1 Depths:2 Depths:5
Abyss: Depths:3 Depths:4
Pandemonium: Orc:2
Ziggurat: Depths:4

Annotations:
Spider:2 2 transporters, exclusion: 2 doors
Elf:2 4 runed doors, exclusion: 5 doors
Vaults:2 Xtahua
Depths:3 exclusion: ice statue
Zot:5 exclusion: sensed monster (detected)


Innate Abilities, Weirdness & Mutations

You cannot wear armour.
You are incapable of wielding weapons or throwing items.
Your paws allow you to move quietly. (Stealth)
You have sharp claws.
You have razor-sharp teeth.
You have supernaturally acute eyesight. (SInv)
You are carnivorous and can eat meat at any time.
You cover ground quickly.
Your thick and shaggy fur keeps you warm. (AC +3, rC+)
You have a slow metabolism.
Your sharp claws are effective at attacking unaware monsters.
You have a pair of small horns on your head.
You are partially covered in slimy green scales. (AC +2)
You are agile. (Dex +2)
You have an increased reservoir of magic. (+10% MP)
You are resistant to hostile enchantments. (MR+)
Your system is resistant to poisons. (rPois)
You occasionally shout uncontrollably at your foes.
You expend magic power (3 MP) to strengthen your wands.


Message History

Confirm with . or Enter, or press ? or * to list all spells.
Okay, then.
Casting: Petrify
Confirm with . or Enter, or press ? or * to list all spells.
You are very lightly contaminated with residual magic.
The yellow draconian scorcher blinks!
The black draconian scorcher blinks!
The moth of wrath blinks!
The black draconian blinks!
The white draconian monk blinks!
The black draconian blinks!
The death cob misses you.
Casting: Disjunction
Confirm with . or Enter, or press ? or * to list all spells.
Okay, then.
Really quaff
j - 7 potions of haste {!q}?
You feel yourself speed up.
The yellow draconian scorcher blinks!
The Orb Guardian blinks!
The death cob blinks!
The white draconian monk breathes frost at you.
The chilling blast misses you. The death cob hits you!
* * * LOW HITPOINT WARNING * * *
The death cob drains your vigour!
You feel yourself slow down.
An orb of fire comes into view.
Really quaff
s - 8 potions of curing {!q}?
You feel better.
The yellow draconian scorcher blinks!
The death cob blinks!
The death cob hits you. x2; The death cob drains your vigour!
You feel as though you will be slow longer.
The black draconian scorcher points at you and mumbles some strange words.
The bolt of fire hits you! You resist.
* * * LOW HITPOINT WARNING * * *
The black draconian misses you. The death cob misses you.
The moth of wrath goads the black draconian on!
The black draconian goes berserk!
An Orb Guardian comes into view.
The moth of wrath blinks!
The black draconian blinks!
The death cob blinks!
The electric golem blinks!
The black draconian scorcher casts a spell at you.
The sphere of damnation explodes!
The damnation engulfs you!
* * * LOW HITPOINT WARNING * * *
You hear a deafening roar!
Things that are here:
a cursed enchanted broad axe; an uncursed cloak; a white draconian corpse Really read
q - 6 scrolls of teleportation {!r}?
As you read the scroll of teleportation {!r}, it crumbles to dust.
You feel strangely unstable.
You feel the Orb delaying your translocation!
The purple draconian blinks!
The white draconian monk blinks!
The Orb Guardian blinks!
The moth of wrath blinks!
The electric golem blinks!
The black draconian scorcher blinks!
The purple draconian blinks!
The death cob barely misses you.
You hear a distant "Zot"! x2; You hear a loud "Zot"!
The white draconian monk blinks!
The death cob completely misses you.
The electric golem blinks!
The death cob hits you!
* * * LOW HITPOINT WARNING * * *
The death cob drains your vigour!
You feel as though you will be slow longer.
Okay, then.
Really quaff
J - a potion of agility {!q}?
You feel agile all of a sudden.
The death cob blinks!
The black draconian blinks! x2; The Orb Guardian blinks!
The death cob hits you.
* * * LOW HITPOINT WARNING * * *
The death cob drains your vigour!
You feel as though you will be slow longer.
The death cob completely misses you. The electric golem closely misses you.
The electric golem hits you. The electric golem shocks you. You resist.
You die...

* ##▓.......,, , *
##.....)...., , , *
* * ▓ *
#.....zq...!, ,, , ,
, * ,, ..*
▓.......^... ,, , ,
**,, , ...
▓.§.§.Xy.... , , *,,
, ...X▓§..§.......
,,,, , ,
,,,..{XD...^.......,
,, ,* , ,, ,
,▓§§§.§*§X...,, , ,
*,, ,, *▓.§@z..§q...
,, ,, ,* * ,, ,
▓.8...§§...., , ,,,,
, * * *
▓...........,,, , ,
** ▓▓.......... ,
,,,, ▓▓▓........ ,,
▓▓▓▓....., , , ,
*▓▓▓▓▓* ** **


You could see an orb of fire, an electric golem, a white draconian monk, a storm
dragon, 2 death cobs, 3 Orb Guardians, a yellow draconian scorcher and a moth of
wrath.

Vanquished Creatures
  Mara (Shoals:4)
  An orb of fire (Zot:3)
  A juggernaut (Depths:2)
  Sojobo (Depths:5)
  Frederick (Vaults:2)
  Bai Suzhen (Vaults:2)
  2 curse toes
  3 golden dragons
  Arachne (Spider:3)
  An electric golem (Zot:2)
  3 tentacled monstrosities
  2 Orb Guardians (Zot:5)
  2 deep elf master archers (Elf:3)
  Asterion (Elf:1)
  3 deep elf blademasters
  Gastronok (Lair:2)
  Frances (Elf:1)
  2 shadow dragons
  A tentacled starspawn (WizLab)
  An eldritch tentacle (WizLab)
  A death cob (Zot:2)
  Polyphemus (Shoals:2)
  Kirke (D:14)
  A storm dragon (Zot:2)
  Ilsuiw (Shoals:4)
  A tengu reaver (Depths:1)
  Donald (Elf:1)
  3 deep elf sorcerers
  3 fire giants
  5 vault wardens
  2 frost giants
  An iron dragon (Depths:1)
  2 ghost moths
  Aizul (Shoals:2)
  6 emperor scorpions (Spider:4)
  A draconian knight (Zot:5)
  2 entropy weavers (Lair:5)
  6 stone giants
  4 deep elf elementalists
  10 ironheart preservers
  A vampire knight (Depths:1)
  8 deep elf demonologists (Elf:3)
  A green draconian (WizLab)
  5 deep elf annihilators
  2 spark wasps (Depths:1)
  A black draconian (Zot:1)
  2 white draconians
  A purple draconian (Zot:4)
  6 deep elf death magi
  A blizzard demon (Depths:3)
  2 eidola (WizLab)
  9 ettins
  7 merfolk javelineers
  4 great orbs of eyes
  5 jiangshi (Depths:1)
  9 merfolk impalers
  5 yaktaur captains
  5 ice dragons
  7 rakshasas
  7 vault guards (Vaults:2)
  7 fire dragons
  8 hydras
  3 deep elf high priests (Elf:3)
  5 centaur warriors
  9 merfolk avatars
  8 catoblepae
  An alligator snapping turtle (Shoals:1)
  A spriggan air mage (Depths:2)
  Erica (Lair:2)
  7 merfolk aquamancers
  9 death yaks
  8 ogre magi
  3 deep troll shamans
  A death knight (Vaults:3)
  2 satyrs
  A queen ant (Lair:5)
  6 orc high priests (Orc:2)
  2 vampire magi
  11 tengu warriors
  26 two-headed ogres
  23 dancing weapons
  7 deep troll earth magi
  A thrashing horror (WizLab)
  3 spriggan berserkers
  16 deep elf knights
  6 hell knights
  A soul eater (Depths:3)
  A fire crab (shapeshifter) (D:15)
  A sixfirhy (Orc:2)
  10 skeletal warriors
  15 sea snakes
  4 iron trolls
  A shadow wraith (WizLab)
  14 deep trolls
  13 deep elf archers
  4 unseen horrors
  2 quicksilver dragon simulacra (Depths:3)
  A phantasmal warrior (Vaults:2)
  13 wizards
  2 torturous demonspawn (Orc:2)
  An obsidian statue (WizLab)
  4 glowing orange brains
  An anaconda skeleton (WizLab)
  A mana viper (shapeshifter) (D:15)
  9 orc knights
  58 deep elf magi
  An orb spider (shapeshifter) (Vaults:2)
  22 orb spiders
  12 ironbrand convokers
  24 ugly things
  7 cyclopes
  15 harpies
  4 oklob plants
  Pikel (D:5)
  10 orc sorcerers
  A worldbinder (WizLab)
  29 wolf spiders
  12 manticores
  6 elephants
  17 fauns
  A guardian serpent (shapeshifter) (Vaults:1)
  3 black mambas
  8 moths of wrath
  7 water nymphs
  An ice statue (IceCv)
  6 rust devils
  6 torpor snails
  8 merfolk sirens
  2 smoke demons (Orc:2)
  A demonspawn skeleton (WizLab)
  A torpor snail (shapeshifter) (Vaults:1)
  8 vault sentinels
  A hellion (WizLab)
  4 gargoyles
  5 spiny frogs
  3 rime drakes
  11 demonic crawlers
  4 freezing wraiths
  8 komodo dragons
  33 yaktaurs
  3 ice devils
  A red devil (Orc:2)
  A troll (shapeshifter) (Depths:2)
  A tengu conjurer (D:14)
  3 ancient zymes (WizLab)
  32 jumping spiders
  6 trolls
  2 hellwings (WizLab)
  A queen bee (Lair:2)
  A meliai (D:13)
  14 polar bears (IceCv)
  A polar bear (shapeshifter) (Vaults:3)
  A queen bee (shapeshifter) (Vaults:1)
  Prince Ribbit (D:6)
  A wind drake (shapeshifter) (D:15)
  31 merfolk
  A frost giant simulacrum (Vaults:2)
  5 hornets
  5 wind drakes
  19 blink frogs
  35 slime creatures
  13 hippogriffs
  A raiju (WizLab)
  A raiju (shapeshifter) (D:13)
  7 snapping turtles
  Sigmund (D:2)
  2 flying skulls (Depths:3)
  A large abomination (WizLab)
  2 spriggans
  A wraith (Depths:3)
  72 redbacks
  3 shadows
  19 water elementals
  26 tarantellas
  49 yaks
  A vampire (D:12)
  3 air elementals
  6 basilisks
  A fire elemental (Elf:2)
  2 wyverns
  6 hogs (D:14)
  A hog (shapeshifter) (Depths:5)
  A fire bat (shapeshifter) (Vaults:3)
  A golden eye (shapeshifter) (Vaults:1)
  Menkaure (D:6)
  3 hungry ghosts
  7 vampire mosquitoes
  Edmund (D:6)
  2 wargs (Orc:1)
  2 spatial vortices (WizLab)
  A swamp worm (shapeshifter) (D:15)
  A naga (shapeshifter) (Vaults:1)
  3 insubstantial wisps (WizLab)
  13 water moccasins
  Duvessa (D:4)
  4 acid dragons
  18 soldier ants (Lair:5)
  2 floating eyes
  7 porcupines
  A floating eye (shapeshifter) (D:15)
  27 orc warriors
  13 ice beasts
  A black bear (Lair:2)
  2 ettin simulacra (Depths:3)
  2 hornet zombies (D:9)
  3 slaves (D:5)
  2 phantoms
  An eye of draining (D:14)
  33 ogres
  A boggart (WizLab)
  22 centaurs
  13 wolves
  10 crocodiles
  Blork the orc (D:6)
  A big kobold (D:14)
  13 bullfrogs
  A wyvern zombie (D:11)
  2 earth elementals
  Dowan (D:4)
  2 scorpions
  35 killer bees
  5 jellies
  7 wights
  5 howler monkeys
  4 small abominations (WizLab)
  3 electric eels
  10 crimson imps
  A bullfrog zombie (D:12)
  13 hounds
  A jelly (shapeshifter) (Depths:2)
  3 quasits
  6 centaur zombies
  26 orc priests
  Crazy Yiuf (D:4)
  3 bullfrog skeletons
  5 centaur skeletons
  3 iguanas
  15 orc wizards
  Natasha (thrice) (D:3)
  23 worker ants
  2 hound zombies
  A howler monkey zombie (D:5)
  3 worker ant zombies
  10 gnolls
  13 adders
  5 shadow imps
  A white imp (WizLab)
  3 worms
  2 dart slugs (D:1)
  2 leopard geckos
  96 orcs
  7 bats
  3 giant cockroaches
  6 goblins
  11 hobgoblins
  13 jackals
  12 kobolds
  5 quokkas
  4 frilled lizards
  2 quokka skeletons
  4 rats
  A spectral orc (D:9)
  2 fungi (Lair:2)
  3 plants
  2 starspawn tentacles (WizLab)
1772 creatures vanquished.

Vanquished Creatures (collateral kills)
  A plant (Shoals:1)
1 creature vanquished.

Vanquished Creatures (others)
  A spriggan air mage (Depths:3)
  An ogre mage (Vaults:2)
  A merfolk siren (Shoals:4)
  A slave (D:5)
  3 ettin simulacra (Depths:3)
  A centaur (D:14)
  7 fungi
  25 plants
40 creatures vanquished.

Grand Total: 1813 creatures vanquished

Notes
Turn   | Place    | Note
-------+----------+-------------------------------------------
     0 | D:1      | Amnesiac the Felid Earth Elementalist began the quest for the Orb.
     0 | D:1      | Reached XP level 1. HP: 7/7 MP: 4/4
   471 | D:1      | Reached skill level 3 in Stealth
   471 | D:1      | Reached XP level 2. HP: 7/11 MP: 0/6
   503 | D:1      | Learned a level 2 spell: Passwall
  1329 | D:2      | Reached XP level 3. HP: 14/14 MP: 4/7
  1375 | D:2      | Noticed Sigmund
  1383 | D:2      | Killed Sigmund
  1383 | D:2      | Reached skill level 1 in Unarmed Combat
  1383 | D:2      | Reached XP level 4. HP: 18/18 MP: 0/9
  1383 | D:2      | Reached XP level 5. HP: 21/21 MP: 0/10
  1604 | D:2      | Learned a level 5 spell: Lee's Rapid Deconstruction
  1973 | D:3      | Noticed Natasha
  1977 | D:3      | Killed Natasha
  2015 | D:3      | Found a glowing golden altar of the Shining One.
  2260 | D:3      | Gained mutation: You are covered in thick fur. (AC +2) [Felid growth]
  2260 | D:3      | Reached XP level 6. HP: 24/24 MP: 11/11
  2355 | D:3      | Noticed Natasha
  2381 | D:3      | Killed Natasha
  3074 | D:3      | Noticed Natasha
  3077 | D:3      | Killed Natasha
  3389 | D:4      | Noticed Duvessa
  3389 | D:4      | Noticed Dowan
  3398 | D:4      | Reached skill level 5 in Earth Magic
  3518 | D:4      | Reached XP level 7. HP: 27/27 MP: 6/13
  3525 | D:4      | Learned a level 4 spell: Petrify
  3593 | D:4      | Killed from afar by Dowan
  3594 | D:4      | Reached XP level 6. HP: -3/24 MP: 5/12
  3594 | D:4      | Found a staircase to the Ecumenical Temple.
  3597 | Temple   | Entered the Ecumenical Temple
  3729 | Temple   | Became a worshipper of Ashenzari the Shackled
  4270 | D:4      | Killed Dowan
  4292 | D:4      | Killed Duvessa
  4587 | D:4      | Found a staircase to the Ecumenical Temple.
  4633 | D:5      | Entered Level 5 of the Dungeon
  4704 | D:4      | Found a runed door.
  4777 | D:4      | Noticed Crazy Yiuf
  4779 | D:4      | Killed Crazy Yiuf
  4779 | D:4      | Reached XP level 7. HP: 27/27 MP: 11/13
  5087 | D:5      | Noticed Pikel
  5188 | D:5      | Killed Pikel
  5188 | D:5      | Reached skill level 5 in Dodging
  5452 | D:4      | Reached XP level 8. HP: 31/31 MP: 11/15
  5501 | D:4      | Learned a level 3 spell: Stone Arrow
  5676 | D:5      | Reached skill level 5 in Spellcasting
  5844 | D:5      | Reached * piety under Ashenzari
  5953 | D:5      | Found a stormy altar of Qazlal.
  5978 | D:5      | Identified the ring of the Lonely Realms {Str+2 Dex+10}
  6119 | D:6      | Noticed Prince Ribbit
  6126 | D:6      | Killed Prince Ribbit
  6296 | D:6      | Noticed Menkaure
  6302 | D:6      | Killed Menkaure
  6355 | D:6      | Reached XP level 9. HP: 34/34 MP: 14/18
  6379 | D:6      | Noticed Blork the orc
  6385 | D:6      | Killed Blork the orc
  6463 | D:6      | Learned a level 1 spell: Confusing Touch
  6644 | D:6      | Noticed Edmund
  6673 | D:6      | Killed Edmund
  7028 | D:7      | Reached ** piety under Ashenzari
  7032 | D:7      | Learned a level 2 spell: Blink
  8317 | D:8      | Noticed a troll
  8324 | D:8      | Killed a troll
  9052 | D:8      | Reached XP level 10. HP: 37/38 MP: 17/22
  9066 | D:8      | Noticed a two-headed ogre
  9068 | D:8      | Slain by a komodo dragon
  9069 | D:8      | Reached XP level 9. HP: 0/34 MP: 19/21
  9179 | D:8      | Killed a two-headed ogre
  9179 | D:8      | Reached skill level 1 in Fighting
  9179 | D:8      | Reached skill level 4 in Stealth
  9207 | D:8      | Killed a komodo dragon
  9511 | D:8      | Reached skill level 5 in Unarmed Combat
  9638 | D:8      | Found a staircase to the Lair.
  9646 | D:8      | Noticed a komodo dragon
  9667 | D:8      | Killed a komodo dragon
  9667 | D:8      | Reached skill level 5 in Stealth
  9744 | Lair:1   | Entered Level 1 of the Lair of Beasts
  9823 | Lair:1   | Reached *** piety under Ashenzari
  9843 | Lair:1   | Reached XP level 10. HP: 42/42 MP: 0/22
  9990 | Lair:1   | Noticed a spiny frog
 10000 | Lair:1   | Killed a spiny frog
 10000 | Lair:1   | Reached skill level 6 in Stealth
 10360 | Lair:1   | Reached skill level 7 in Stealth
 10601 | Lair:2   | Noticed Gastronok
 10635 | Lair:2   | Found a frozen archway.
 10694 | Lair:2   | Noticed a spiny frog
 10794 | IceCv    | Entered an ice cave
 10811 | IceCv    | Reached skill level 5 in Fighting
 10811 | IceCv    | Reached skill level 8 in Stealth
 10820 | IceCv    | Reached XP level 11. HP: 47/47 MP: 1/23
 11180 | IceCv    | Reached **** piety under Ashenzari
 11222 | IceCv    | Reached skill level 9 in Stealth
 11491 | IceCv    | Noticed a frost giant
 11665 | IceCv    | Killed a frost giant
 11665 | IceCv    | Reached skill level 10 in Stealth
 11665 | IceCv    | Reached skill level 10 in Unarmed Combat
 12230 | Lair:2   | Killed Gastronok
 12230 | Lair:2   | Gained mutation: Your thick and shaggy fur keeps you warm. (AC +3, rC+) [Felid growth]
 12230 | Lair:2   | Reached XP level 12. HP: 22/52 MP: 24/24
 12325 | Lair:2   | Reached skill level 11 in Stealth
 12616 | Lair:2   | Noticed Erica
 12627 | Lair:2   | Killed Erica
 13034 | Lair:3   | Noticed a catoblepas
 13068 | Lair:3   | Killed a catoblepas
 13172 | Lair:3   | Reached skill level 12 in Stealth
 13420 | Lair:3   | Noticed a five-headed hydra
 13443 | Lair:3   | Killed a five-headed hydra
 13902 | Lair:4   | Found a staircase to the Shoals.
 13921 | Lair:4   | Reached ***** piety under Ashenzari
 13933 | Lair:4   | Identified a scroll of acquirement {!r}
 13935 | Lair:4   | Identified the cursed amulet "Mitrant" {Spirit rF++} (You acquired it on level 4 of the Lair of Beasts)
 14087 | Lair:4   | Noticed an eight-headed hydra
 14095 | Lair:4   | Killed an eight-headed hydra
 14120 | Lair:4   | Learned a level 1 spell: Apportation
 14195 | Lair:4   | Noticed a six-headed hydra
 14201 | Lair:4   | Killed a six-headed hydra
 14201 | Lair:4   | Reached skill level 13 in Stealth
 14248 | Lair:4   | Found a hole to the Spider Nest.
 14445 | Lair:4   | Noticed a catoblepas
 14493 | Lair:4   | Killed a catoblepas
 14508 | Lair:4   | Reached XP level 13. HP: 45/55 MP: 16/25
 15515 | Lair:5   | Noticed an entropy weaver
 15515 | Lair:5   | Noticed an entropy weaver
 15691 | Lair:5   | Killed an entropy weaver
 15691 | Lair:5   | Reached skill level 10 in Dodging
 16528 | Lair:5   | Reached skill level 14 in Stealth
 16669 | Lair:5   | Killed an entropy weaver
 16745 | Lair:6   | Entered Level 6 of the Lair of Beasts
 16751 | Lair:6   | Found a staircase to the Slime Pits.
 18111 | Lair:6   | Found a snail-covered altar of Cheibriados.
 18430 | Lair:6   | Reached ****** piety under Ashenzari
 18434 | Lair:6   | Reached XP level 14. HP: 61/62 MP: 24/26
 19906 | D:9      | Found a blossoming altar of Fedhas.
 19910 | D:9      | Found a bloodstained altar of Trog.
 19911 | D:9      | Found an opulent altar of Gozag.
 19912 | D:9      | Found a burning altar of Makhleb.
 19912 | D:9      | Found a sacrificial altar of Ru.
 19913 | D:9      | Found a deep blue altar of Sif Muna.
 19914 | D:9      | Found a hide-covered altar of Uskayaw.
 19916 | D:9      | Found a glowing golden altar of the Shining One.
 20049 | D:9      | Found a shimmering altar of Xom.
 20056 | D:9      | Found a hazy altar of Hepliaklqana.
 20056 | D:9      | Found a white marble altar of Elyvilon.
 20118 | D:9      | Found a staircase to the Orcish Mines.
 20176 | D:9      | Found a basalt altar of Yredelemnul.
 20403 | D:10     | Entered Level 10 of the Dungeon
 21277 | Orc:1    | Entered Level 1 of the Orcish Mines
 21330 | Orc:1    | Reached skill level 15 in Unarmed Combat
 21332 | Orc:1    | Reached skill level 15 in Stealth
 21346 | Orc:1    | Found Paykhurgh's Distillery.
 21415 | Orc:1    | Found Tyrakej's Magic Scroll Emporium.
 21421 | Orc:1    | Found Meiq's Antique Weapon Shop.
 21799 | Orc:1    | Bought a scroll of teleportation for 39 gold pieces
 21932 | Orc:2    | Entered Level 2 of the Orcish Mines
 22647 | Orc:2    | Found Ikoachei's General Store.
 22767 | Orc:2    | Found Teneostre's Food Emporium.
 23764 | Orc:2    | Found Xifuep's Armour Boutique.
 23868 | Orc:2    | Found a staircase to the Elven Halls.
 24553 | Orc:2    | Found Helonirr's Antique Weapon Shop.
 24553 | Orc:2    | Found Qauraschu's Book Boutique.
 24553 | Orc:2    | Found a one-way gate leading to the halls of Pandemonium.
 24561 | Orc:2    | Gained mutation: You are occasionally teleported next to monsters. [a neqoxec]
 24658 | Orc:2    | Lost mutation: You are occasionally teleported next to monsters. [potion of mutation]
 24658 | Orc:2    | Gained mutation: You have an increased reservoir of magic. (+10% MP) [potion of mutation]
 24658 | Orc:2    | Gained mutation: Your system is resistant to poisons. (rPois) [potion of mutation]
 24658 | Orc:2    | Gained mutation: You have a pair of small horns on your head. [potion of mutation]
 24774 | Elf:1    | Entered Level 1 of the Elven Halls
 24815 | Elf:1    | Reached XP level 15. HP: 67/67 MP: 15/31
 25724 | Elf:1    | Noticed a deep elf sorcerer
 25731 | Elf:1    | Killed a deep elf sorcerer
 25734 | Elf:1    | Identified Sif Muna's Reference Book on Supportive Conjuration
 25776 | Elf:1    | Learned a level 5 spell: Bolt of Magma
 25857 | Elf:1    | Reached skill level 16 in Stealth
 26199 | Elf:1    | Noticed Frances
 26263 | Elf:1    | Killed Frances
 26263 | Elf:1    | Reached skill level 1 in Conjurations
 26263 | Elf:1    | Reached skill level 1 in Fire Magic
 26314 | Elf:1    | Noticed Donald
 26682 | Elf:2    | Found a magical portal.
 26686 | Elf:2    | Reached skill level 10 in Fighting
 26709 | WizLab   | Entered The Roulette of Golubria
 26709 | WizLab   | Found a transporter.
 26771 | WizLab   | Found a corrupted altar of Lugonu.
 26799 | WizLab   | Found a transporter.
 26838 | WizLab   | Found a transporter.
 27042 | WizLab   | Found a transporter.
 27042 | WizLab   | Found a transporter.
 27132 | WizLab   | Found a transporter.
 27269 | WizLab   | Found a transporter.
 27270 | WizLab   | Found a corrupted altar of Lugonu.
 27298 | WizLab   | Found a transporter.
 27329 | WizLab   | Found a transporter.
 27552 | WizLab   | Found a transporter.
 27793 | WizLab   | Found a transporter.
 27836 | WizLab   | Found a transporter.
 27881 | WizLab   | Learned a level 8 spell: Controlled Blink
 28077 | WizLab   | Found a transporter.
 28078 | WizLab   | Found a transporter.
 28292 | WizLab   | Found a transporter.
 28293 | WizLab   | Found a transporter.
 28441 | WizLab   | Found a transporter.
 28442 | WizLab   | Noticed a tentacled starspawn
 28450 | WizLab   | Killed a tentacled starspawn
 28450 | WizLab   | Reached skill level 10 in Earth Magic
 28565 | WizLab   | Found a transporter.
 28726 | WizLab   | Found a transporter.
 28774 | WizLab   | Reached skill level 1 in Translocations
 28809 | WizLab   | Found a transporter.
 30234 | Elf:2    | Reached skill level 5 in Translocations
 30409 | Elf:1    | Reached XP level 16. HP: 73/73 MP: 26/33
 30595 | Elf:1    | Noticed Asterion
 30704 | Elf:1    | Killed Donald
 30812 | Elf:1    | Killed Asterion
 31017 | Elf:2    | Reached skill level 10 in Spellcasting
 31054 | Elf:2    | Found a huge runed gate.
 31054 | Elf:2    | Found a huge runed gate.
 31054 | Elf:2    | Found a huge runed gate.
 31054 | Elf:2    | Found a huge runed gate.
 31054 | Elf:2    | Found a huge runed gate.
 31464 | Elf:2    | Noticed a deep elf blademaster
 31533 | Elf:2    | Killed a deep elf blademaster
 31533 | Elf:2    | Reached skill level 10 in Translocations
 33084 | Elf:3    | Entered Level 3 of the Elven Halls
 34368 | Elf:3    | Reached skill level 15 in Translocations
 35313 | Elf:3    | Noticed a Tzitzimitl
 35554 | Elf:3    | Noticed a deep elf master archer
 35915 | Elf:3    | Shot with an arrow by a deep elf master archer
 35916 | Elf:3    | Reached XP level 15. HP: -10/70 MP: 0/32
 36058 | Elf:3    | Killed a deep elf sorcerer
 36058 | Elf:3    | Reached XP level 16. HP: 73/73 MP: 8/34
 36280 | Elf:3    | Noticed a deep elf blademaster
 36324 | Elf:3    | Killed a deep elf blademaster
 36470 | Elf:3    | Noticed a deep elf blademaster
 36482 | Elf:3    | Noticed a deep elf master archer
 37542 | Orc:2    | Bought a book of Clouds for 585 gold pieces
 37545 | Orc:2    | Learned a level 2 spell: Poisonous Vapours
 37756 | Elf:3    | Killed a deep elf master archer
 38049 | Elf:3    | Killed a deep elf blademaster
 38265 | Elf:3    | Killed a deep elf master archer
 38645 | Elf:3    | Noticed a Brimstone Fiend
 39286 | Spider:1 | Entered Level 1 of the Spider Nest
 42684 | Spider:2 | Found a transporter.
 42685 | Spider:2 | Identified the ring "Umixiwn" {+Fly rF+ rN+ Int+4 Stlth+}
 42687 | Spider:2 | Identified the ring of Xom's Regard {rElec MR+ AC+4}
 42765 | Spider:2 | Found a transporter.
 46485 | Spider:3 | Reached XP level 17. HP: 78/78 MP: 28/35
 46685 | Spider:3 | Noticed Arachne
 48211 | Spider:3 | Killed Arachne
 48374 | Spider:4 | Entered Level 4 of the Spider Nest
 51370 | Spider:4 | Got a gossamer rune of Zot
 51550 | Shoals:1 | Entered Level 1 of the Shoals
 53346 | Shoals:2 | Noticed Polyphemus
 53718 | Shoals:2 | Noticed Aizul
 53833 | Shoals:2 | Killed Aizul
 55139 | Shoals:2 | Reached XP level 18. HP: 79/82 MP: 9/38
 55992 | Shoals:3 | Found a flickering gateway to a bazaar.
 56019 | Bazaar   | Entered a bazaar
 56020 | Bazaar   | Found Ciummud's Jewellery Boutique.
 56020 | Bazaar   | Found Iding's Book Shop.
 56022 | Bazaar   | Found Gesmis's General Store.
 56053 | Bazaar   | Found Tazu's Distillery.
 56061 | Bazaar   | Bought a potion of invisibility for 88 gold pieces
 56072 | Bazaar   | Bought the ring "Uxza" {Wiz rC+} for 396 gold pieces
 58002 | Shoals:4 | Entered Level 4 of the Shoals
 58309 | Shoals:4 | Reached skill level 15 in Earth Magic
 58323 | Shoals:4 | Noticed Ilsuiw
 58345 | Shoals:4 | Slain by a merfolk impaler
 58346 | Shoals:4 | Reached XP level 17. HP: -5/78 MP: 0/38
 59679 | Shoals:4 | Found Dahel's Food Shop.
 59903 | Shoals:4 | Noticed Mara
 60176 | D:11     | Learned a level 9 spell: Shatter
 60424 | Shoals:4 | Noticed Amnesiac's illusion
 60426 | Shoals:4 | Killed Mara
 60901 | Shoals:4 | Killed Ilsuiw
 61207 | Shoals:4 | Got a barnacled rune of Zot
 61384 | Shoals:2 | Gained mutation: You possess an exceptional clarity of mind. [mutagenic glow]
 62361 | Shoals:2 | Killed Polyphemus
 62740 | D:11     | Reached XP level 18. HP: 82/82 MP: 29/39
 63781 | D:12     | Found a white marble altar of Elyvilon.
 65591 | D:14     | Identified the ring "Raijar" {rCorr rC- Int+6}
 65615 | D:14     | Found a gate to the Vaults.
 66176 | D:14     | Noticed Kirke
 66181 | D:14     | Killed Kirke
 66309 | D:15     | Entered Level 15 of the Dungeon
 67563 | D:15     | Found a staircase to the Depths.
 68535 | D:11     | Learned a level 8 spell: Disjunction
 68653 | Vaults:1 | Entered Level 1 of the Vaults
 68777 | Vaults:1 | Found a flickering gateway to a bazaar.
 68786 | Bazaar   | Entered a bazaar
 68786 | Bazaar   | Found Kuvech's Book Boutique.
 68786 | Bazaar   | Found Yti Nuo's Book Boutique.
 68788 | Bazaar   | Found Qonoxin's Armour Shoppe.
 68814 | Bazaar   | Found Taevvix's Book Emporium.
 68911 | Bazaar   | Bought a book of Party Tricks for 350 gold pieces
 68911 | Bazaar   | Bought a manual of Stealth for 772 gold pieces
 69552 | Vaults:1 | Reached XP level 19. HP: 33/85 MP: 3/42
 69909 | Vaults:1 | Reached skill level 17 in Stealth
 71717 | Vaults:2 | Gained mutation: You are partially covered in slimy green scales. (AC +2) [mutagenic glow]
 71765 | Vaults:2 | Gained mutation: You expend magic power (3 MP) to strengthen your wands. [mutagenic glow]
 71808 | Vaults:2 | Found a flickering gateway to a bazaar.
 71812 | Vaults:2 | Gained mutation: You are agile. (Dex +2) [mutagenic glow]
 71819 | Bazaar   | Entered a bazaar
 71868 | Bazaar   | Lost mutation: You possess an exceptional clarity of mind. [mutagenic glow]
 71922 | Bazaar   | Gained mutation: You occasionally shout uncontrollably at your foes. [mutagenic glow]
 72002 | Bazaar   | Gained mutation: You are resistant to hostile enchantments. (MR+) [mutagenic glow]
 72007 | Bazaar   | Found Eghiqugi's Weapon Boutique.
 72011 | Bazaar   | Found Esaa's Distillery.
 72011 | Bazaar   | Found Ytill's Distillery.
 72011 | Bazaar   | Found Jeeck's Armour Boutique.
 72031 | Bazaar   | Bought a potion of heal wounds for 60 gold pieces
 72031 | Bazaar   | Bought a potion of heal wounds for 60 gold pieces
 72031 | Bazaar   | Bought a potion of resistance for 120 gold pieces
 72031 | Bazaar   | Bought a potion of resistance for 120 gold pieces
 72238 | Vaults:2 | Reached skill level 18 in Stealth
 73133 | Vaults:2 | Noticed Frederick
 73196 | Vaults:2 | Noticed Bai Suzhen
 73217 | Vaults:2 | Killed Bai Suzhen
 73217 | Vaults:2 | Reached skill level 15 in Spellcasting
 73538 | Vaults:2 | Killed Frederick
 73538 | Vaults:2 | Reached skill level 19 in Stealth
 73845 | Vaults:2 | Identified the Handbook of Cold and Intoxication
 74063 | Vaults:2 | Noticed Xtahua
 74851 | Vaults:3 | Found a portal to a secret trove of treasure.
 75167 | Depths:1 | Entered Level 1 of the Depths
 75657 | D:15     | Reached XP level 20. HP: 57/90 MP: 1/44
 76160 | Depths:1 | Found a gateway to Hell.
 76660 | Depths:3 | HP: 1/90 [air elemental[a spriggan air mage] (6)]
 76660 | Depths:3 | Mangled by an air elemental
 76661 | Depths:3 | Reached XP level 19. HP: -7/85 MP: 0/43
 76751 | Depths:3 | Noticed a golden dragon
 76801 | Depths:3 | Slain by a soul eater
 76802 | Depths:3 | Reached XP level 18. HP: 0/82 MP: 0/42
 76803 | Depths:3 | Found a glowing silver altar of Zin.
 76803 | Depths:3 | Found a one-way gate to the infinite horrors of the Abyss.
 76804 | Depths:3 | Noticed a tentacled monstrosity
 76816 | Depths:3 | Voluntarily entered the Abyss.
 76952 | Abyss:2  | Found a shimmering altar of Xom.
 77069 | Abyss:3  | Got an abyssal rune of Zot
 77104 | Abyss:3  | Noticed a Brimstone Fiend
 77113 | Depths:3 | Escaped the Abyss
 77472 | Vaults:3 | Learned a level 1 spell: Summon Butterflies
 77587 | Vaults:3 | You showed the abyssal rune of Zot to enter a treasure trove
 77588 | Trove    | Entered a treasure trove
 77594 | Trove    | Identified the cursed ring "Puwunt" {rC+ EV+5 Int+4}
 77756 | Vaults:3 | Reached skill level 20 in Stealth
 77853 | Vaults:3 | Found Wehab's Distillery.
 78937 | D:15     | Learned a level 3 spell: Regeneration
 80490 | Depths:1 | Reached skill level 21 in Stealth
 80669 | Depths:4 | Found a gateway to a ziggurat.
 81291 | Depths:2 | Reached XP level 19. HP: 72/85 MP: 0/43
 81673 | Depths:2 | Noticed a juggernaut
 81676 | Depths:2 | Killed a juggernaut
 81923 | Depths:1 | HP: 1/85 [spriggan berserker/flail (5)]
 82602 | Depths:2 | Paralysed by a floating eye for 3 turns
 83950 | Depths:2 | Noticed a golden dragon
 84076 | Depths:5 | Entered Level 5 of the Depths
 84076 | Depths:5 | Noticed Sojobo
 84078 | Depths:5 | Killed Sojobo
 84078 | Depths:5 | Reached skill level 22 in Stealth
 84085 | Depths:5 | HP: 1/85 [battlesphere[Sojobo] (13)]
 84637 | Depths:5 | Found a gate to the Realm of Zot.
 84646 | Zot:1    | Entered Level 1 of the Realm of Zot
 84675 | Zot:1    | Noticed a curse toe
 84675 | Zot:1    | Killed a curse toe
 84869 | Zot:2    | Noticed an electric golem
 84894 | Zot:2    | Killed an electric golem
 84909 | Zot:2    | Noticed a golden dragon
 84909 | Zot:2    | Killed a golden dragon
 85064 | Zot:3    | Noticed an orb of fire
 85074 | Zot:3    | Killed an orb of fire
 85132 | Zot:5    | Entered Level 5 of the Realm of Zot
 85132 | Zot:5    | Noticed a golden dragon
 85134 | Zot:5    | Killed a golden dragon
 85151 | Zot:5    | Reached XP level 20. HP: 90/90 MP: 43/45
 85222 | Zot:5    | Noticed a curse toe
 85222 | Zot:5    | Killed a curse toe
 85387 | Zot:5    | Noticed a golden dragon
 85392 | Zot:5    | Killed a golden dragon
 85417 | Zot:5    | Noticed an orb of fire
 85420 | Zot:5    | HP: 3/90 [death cob (5)]
 85421 | Zot:5    | HP: 1/90 [death cob (2)]
 85421 | Zot:5    | Slain by an electric golem

Vault maps used:
D:1:      dpeg_arrival_central, fountainhead
D:2:      minmay_goblin_outpost, uniq_sigmund
D:3:      kennysheep_big_flooded_room, small_statue_intersection,
          nicolae_tso_carved_into_rock, uniq_natasha
D:4:      lemuel_temple_firewalk_b, uniq_duvessa, uniq_crazy_yiuf_cottage
D:5:      grunt_qazlal_clouds, first_ration, uniq_pikel
D:6:      uniq_prince_ribbit1, uniq_menkaure, uniq_blork_the_orc, uniq_edmund
D:7:      the_bakery, kennysheep_generic_room_4
D:8:      erik_lair_dragon
D:9:      yredelemnul_forgotten_temple_becter, minitemple,
          gammafunk_temple_overflow_forgotten, grunt_decor_one_mirror
D:11:     hangedman_abyss_or_decor_stagger, minmay_misc_feat_doors
D:12:     elyvilon_altar_5
D:13:     minmay_wizard_corner, minmay_joined_circles
D:14:     kennysheep_cluttered_room, serial_co_window_serial,
          co_window_corner_a, co_window_paths_b, co_window_paths_a,
          co_window_paths_a, co_window_of_opportunity_a, glass_columns_a,
          uniq_kirke
D:15:     gammafunk_enter_depths_forms, evilmike_minifort
Temple:   nicolae_temple_figure_zero
Lair:1:   grunt_megastairs_5
Lair:2:   portal_ice_cave_entry_ice_beasts, grunt_forest_stairs_basic,
          minivault_27, uniq_erica, uniq_gastronok
Lair:3:   minmay_holes, lemuel_fruit_tree
Lair:4:   shoals_dummy_entry, spider_nest_entry_funnel_web,
          minmay_lair_oklob_items, serial_bayou_pond_d
Lair:5:   zaba_antful_of_joy, infiniplex_staircase_pool
Lair:6:   evilmike_catoblepas_cave, minmay_slime_entry_oklob_open,
          kennysheep_snail_temple
Shoals:2: uniq_aizul, uniq_polyphemus
Shoals:3: cheibrodos_shoals_oceanic_diplomacy, serial_shops, bzr_entry_road
Shoals:4: shoals_end_simple, shoal_ilsuiw, serial_shops, nicolae_shop_trees,
          nicolae_shoals_circle_sea_wall, uniq_mara
Spider:2: gammafunk_its_a_trap
Spider:3: uniq_arachne
Spider:4: grunt_spider_rune_circles, nicolae_spider_webbed_stairs
Orc:1:    serial_shops, shop, shop, shop
Orc:2:    pf_orc_diabolical, serial_shops, shop
Elf:1:    minmay_elf_sorcery, hangedman_elven_pyramids, grunt_megastairs_3,
          uniq_frances, uniq_donald, uniq_asterion
Elf:2:    mu_enter_wizlab_5
Elf:3:    elf_hall_gauntlet_wide, basic_stair_grate_trap
Vaults:1: nicolae_vaults_theta, nicolae_vaults_alarming, ontoclasm_vaults_pinch,
          nicolae_vaults_three_branches, vaults_room_fancy_cross, v_misc_18,
          hangedman_vaults_corner, ontoclasm_vaults_ligature,
          hangedman_vaults_corner_blocks, nicolae_vaults_know_your_exits,
          nicolae_vaults_theta, nicolae_vaults_what_the_h,
          ontoclasm_vaults_loading_screen, ontoclasm_vaults_chip, serial_shops,
          bzr_in_the_mist
Vaults:2: v_pattern_2, nicolae_vaults_theta, st_quartered_hall,
          nicolae_vaults_asterisk, v_misc_18, v_misc_8, hangedman_vaults_cutoff,
          v_misc_4, nicolae_vaults_stairing_the_circle, v_alt_pattern_1,
          vaults_dpeg_ring, serial_shops, bzr_entry_islet, uniq_frederick,
          uniq_xtahua, uniq_bai_suzhen
Vaults:3: v_misc_22, nicolae_vaults_network_s, minmay_crypt_entry_simple_walls,
          vaults_mumra_hex, v_alt_pattern_5, vaults_room_octagon,
          nicolae_vaults_little_squares_6, vaults_dpeg_encased_lava,
          hangedman_vaults_stagger, grunt_vaults_swirl,
          nicolae_vaults_windows_and_doors_thing, nicolae_vaults_asterisk,
          serial_shops, shop, nicolae_trove_entry_free_sample
Depths:1: hell_entry, solitary_fountain, item_on_display_a,
          serial_bayou_shore_b, hangedman_decor_cross_pass
Depths:2: angbandy_vault, hell_entry, minmay_fountain_box, minivault_15,
          infiniplex_staircase_pool_2
Depths:3: grunt_profane_halls, hell_entry, pan_entry, abyss_entry
Depths:4: minmay_nine_rooms, enter_ziggurat_a, minmay_misc_feat_rows,
          abyss_entry, grunt_hell_entry_dis_old, firewood_loft,
          infiniplex_staircase_x, uniq_jory
Depths:5: grunt_x_marks_the_spot, abyss_entry, hangedman_decor_clover_reticule,
          hell_entry, ashenzari_altar_1, uniq_sojobo
Zot:1:    kennysheep_six_static_rooms
Zot:2:    st_small_dragon_hoard_2
Zot:3:    hangedman_zot_decor_scrapings
Zot:4:    lemuel_elevator
Abyss:1:  hangedman_abyss_theft
Abyss:2:  evilmike_abyss_exit_kraken
Abyss:3:  evilmike_abyss_exit_kraken, hangedman_shadowy_showcase,
          grunt_abyss_rune_wretched_hive
Bazaar:   bazaar_minmay_plants, bazaar_jpeg_ribbon, bazaar_minmay_cross
Trove:    trove_simple
IceCv:    ice_cave_small_giant
WizLab:   wizlab_golubria

Skill      XL: |  1  2  3  4  5  6  7  8  9 10 11 12 13 14 15 16 17 18 19 |
---------------+----------------------------------------------------------+-----
Stealth        | 3 5 8 10 13 14 15 16 21 22 | 22.6
Dodging        | 3 4 5 7 9 11 12 13 | 13.0
Earth Magic    | 3 4 5 6 8 9 10 11 14 19 20 | 20.8
Unarmed Combat | 1 2 3 5 8 10 13 14 15 16 | 16.0
Transmutations | 2 3 |  3.0
Spellcasting   | 3 4 5 7 8 9 10 13 14 16 | 16.7
Fighting       | 3 5 6 7 9 10 11 | 11.0
Conjurations   | 2 |  2.0
Fire Magic     | 2 |  2.0
Translocations | 6 18 | 18.5

Action                   |  1- 3 |  4- 6 |  7- 9 | 10-12 | 13-15 | 16-18 | 19-21 || total
-------------------------+-------+-------+-------+-------+-------+-------+-------++-------
Melee: Unarmed           |    55 |    43 |   154 |   294 |   437 |  1332 |   422 ||  2737
       Bite              |     6 |     1 |    20 |    48 |    59 |   138 |    45 ||   317
       Punch             |       |       |     4 |    19 |    30 |    95 |    22 ||   170
       Headbutt          |       |       |       |       |    12 |   236 |    82 ||   330
 Cast: Sandblast         |    16 |    92 |    82 |    45 |   108 |   310 |   115 ||   768
       Passwall          |     6 |     1 |     8 |     9 |    47 |    60 |    26 ||   157
       Lee's Rapid Decon |       |     3 |     8 |    29 |   214 |   222 |    89 ||   565
       Petrify           |       |     5 |    51 |    43 |   173 |   393 |   126 ||   791
       Confusing Touch   |       |       |     2 |    40 |    32 |   103 |    34 ||   211
       Blink             |       |       |       |     1 |     3 |    16 |     5 ||    25
       Apportation       |       |       |       |     1 |       |     2 |       ||     3
       Stone Arrow       |       |       |       |       |    17 |    65 |       ||    82
       Bolt of Magma     |       |       |       |       |     7 |    28 |       ||    35
       Poisonous Vapours |       |       |       |       |       |   911 |       ||   911
       Controlled Blink  |       |       |       |       |       |    12 |     7 ||    19
       Shatter           |       |       |       |       |       |    48 |    43 ||    91
       Disjunction       |       |       |       |       |       |    12 |     6 ||    18
       Regeneration      |       |       |       |       |       |     1 |    14 ||    15
Invok: Curse Item        |       |     2 |     1 |     2 |       |     2 |       ||     7
Evoke: Wand              |       |       |       |       |     2 |       |     1 ||     3
  Use: Scroll            |       |    11 |       |    13 |     4 |    18 |    15 ||    61
       Potion            |       |     3 |     2 |     6 |     2 |    27 |    22 ||    62
 Stab: Sleeping          |     9 |     5 |    21 |    21 |    62 |    65 |    33 ||   216
       Petrified         |       |       |    58 |    28 |    68 |   143 |    45 ||   342
       Petrifying        |       |       |     4 |     2 |    29 |    53 |    24 ||   112
       Confused          |       |       |     1 |    31 |    30 |    70 |    30 ||   162
       Distracted        |       |       |       |     1 |     5 |     4 |     2 ||    12
  Eat: Chunk             |     8 |    14 |    24 |    19 |    91 |   139 |    55 ||   350
       Ration            |       |       |       |       |       |    23 |     9 ||    32
Armor: Skin              |     2 |    15 |    34 |    24 |    15 |   212 |    84 ||   386
Dodge: Dodged            |    63 |    58 |    81 |   354 |   270 |  2162 |   596 ||  3584

Table legend:
 A = Spawn XP
 B = Non-spawn XP
 C = Spawn XP percentage of total XP
 D = Spawn monster count
 E = Non-spawn monster count
 F = Spawn count percentage of total count
 G = Total turns spent on level
                    A         B        C        D         E        F      G
               +---------+---------+-------+---------+---------+-------+---------
         Total |       0 |  831299 |   0.0 |       0 |    1765 |   0.0 | 85421
               +---------+---------+-------+---------+---------+-------+---------
           D:1 |       0 |      33 |   0.0 |       0 |      17 |   0.0 |  1326
           D:2 |       0 |     272 |   0.0 |       0 |      18 |   0.0 |   641
           D:3 |       0 |     350 |   0.0 |       0 |      37 |   0.0 |  1859
           D:4 |       0 |     772 |   0.0 |       0 |      25 |   0.0 |  1174
           D:5 |       0 |    1035 |   0.0 |       0 |      13 |   0.0 |  1003
           D:6 |       0 |    1192 |   0.0 |       0 |      29 |   0.0 |   929
           D:7 |       0 |    1233 |   0.0 |       0 |      23 |   0.0 |  1386
           D:8 |       0 |    3244 |   0.0 |       0 |      24 |   0.0 |  2000
           D:9 |       0 |    1048 |   0.0 |       0 |      24 |   0.0 |   923
          D:10 |       0 |    4410 |   0.0 |       0 |      27 |   0.0 |   921
          D:11 |       0 |    3432 |   0.0 |       0 |      27 |   0.0 |   889
          D:12 |       0 |    6394 |   0.0 |       0 |      47 |   0.0 |   871
          D:13 |       0 |   15092 |   0.0 |       0 |      48 |   0.0 |  1038
          D:14 |       0 |   11372 |   0.0 |       0 |      43 |   0.0 |  1580
          D:15 |       0 |   37400 |   0.0 |       0 |      76 |   0.0 |  5344
        Lair:1 |       0 |    3310 |   0.0 |       0 |      20 |   0.0 |  1075
        Lair:2 |       0 |    7629 |   0.0 |       0 |      43 |   0.0 |  1158
        Lair:3 |       0 |    7627 |   0.0 |       0 |      21 |   0.0 |  1059
        Lair:4 |       0 |    7279 |   0.0 |       0 |      16 |   0.0 |  1739
        Lair:5 |       0 |   13665 |   0.0 |       0 |      56 |   0.0 |  1792
        Lair:6 |       0 |   18470 |   0.0 |       0 |      50 |   0.0 |  2611
      Shoals:1 |       0 |   22136 |   0.0 |       0 |      42 |   0.0 |  2724
      Shoals:2 |       0 |   19566 |   0.0 |       0 |      31 |   0.0 |  2321
      Shoals:3 |       0 |   21228 |   0.0 |       0 |      39 |   0.0 |  3245
      Shoals:4 |       0 |   46464 |   0.0 |       0 |      57 |   0.0 |  1540
      Spider:1 |       0 |   14179 |   0.0 |       0 |      43 |   0.0 |  2220
      Spider:2 |       0 |   21775 |   0.0 |       0 |      68 |   0.0 |  4493
      Spider:3 |       0 |   15897 |   0.0 |       0 |      35 |   0.0 |  2195
      Spider:4 |       0 |   28168 |   0.0 |       0 |      58 |   0.0 |  2812
         Orc:1 |       0 |    6664 |   0.0 |       0 |      37 |   0.0 |  1016
         Orc:2 |       0 |   19832 |   0.0 |       0 |      83 |   0.0 |  3288
         Elf:1 |       0 |   26251 |   0.0 |       0 |      32 |   0.0 |  1819
         Elf:2 |       0 |   35997 |   0.0 |       0 |      51 |   0.0 |  3852
         Elf:3 |       0 |   55434 |   0.0 |       0 |      50 |   0.0 |  4443
      Vaults:1 |       0 |   47144 |   0.0 |       0 |      75 |   0.0 |  2409
      Vaults:2 |       0 |   69069 |   0.0 |       0 |      93 |   0.0 |  3744
      Vaults:3 |       0 |   12070 |   0.0 |       0 |      16 |   0.0 |   561
      Depths:1 |       0 |   56093 |   0.0 |       0 |      70 |   0.0 |  3013
      Depths:2 |       0 |   42552 |   0.0 |       0 |      57 |   0.0 |   272
      Depths:3 |       0 |   14604 |   0.0 |       0 |      27 |   0.0 |  1055
      Depths:4 |       0 |    4702 |   0.0 |       0 |       6 |   0.0 |    30
      Depths:5 |       0 |   11200 |   0.0 |       0 |       9 |   0.0 |   570
         Zot:1 |       0 |    6360 |   0.0 |       0 |       3 |   0.0 |   202
         Zot:2 |       0 |   13630 |   0.0 |       0 |       6 |   0.0 |    93
         Zot:3 |       0 |   10813 |   0.0 |       0 |       2 |   0.0 |    81
         Zot:4 |       0 |    8792 |   0.0 |       0 |       6 |   0.0 |   200
         Zot:5 |       0 |   26663 |   0.0 |       0 |       9 |   0.0 |   199
         IceCv |       0 |    9261 |   0.0 |       0 |      36 |   0.0 |  1265
        WizLab |       0 |   19496 |   0.0 |       0 |      40 |   0.0 |  3365
               +---------+---------+-------+---------+---------+-------+---------
